 Dungeon Crawl Stone Soup version 0.21-a0-38-g95c5c02 (webtiles) character file.

70 HAL9000 the Changer (level 4, 0/35 HPs)
             Began as a Draconian Transmuter on May 29, 2017.
             Slain by a worker ant (4 damage)
             ... on level 2 of the Dungeon.
             The game lasted 00:03:39 (1531 turns).

HAL9000 the Changer (Draconian Transmuter)          Turns: 1531, Time: 00:03:40

Health: 0/35       AC:  5    Str: 12    XL:     4   Next: 4%
Magic:  1/7        EV: 12    Int: 14    God:
Gold:   68         SH:  0    Dex: 12    Spells: 4/7 levels left

rFire    . . .     SeeInvis .     - Unarmed
rCold    . . .     Gourm    .   (no shield)
rNeg     . . .     Faith    .   (armour unavailable)
rPois    .         Spirit   .   (helmet restricted)
rElec    .         Reflect  .   (no cloak)
rCorr    .         Harm     .   (no gloves)
MR       .....                  (no boots)
Stlth    +.........             (no amulet)
Regen    0.2/turn               (no ring)
MPRegen  0.1/turn               (no ring)

@: lethally poisoned (0 -> -15), appendage
A: unfitting armour, horns 2, cold-blooded, AC +5
a: End Transformation


You were on level 2 of the Dungeon.
You were not hungry.
You had grown temporary horns.
You visited 1 branch of the dungeon, and saw 3 of its levels.

You collected 68 gold pieces.

Inventory:

Missiles
 a - 5 arrows
Scrolls
 h - 2 scrolls of teleportation
 i - a scroll of identify {unknown}
 j - a scroll of enchant weapon {unknown}
 l - 2 scrolls of magic mapping {unknown}
Potions
 d - a potion of agility {unknown}
 g - a potion of might {unknown}
 k - a potion of resistance {unknown}
 m - a potion of flight {unknown}
 o - a potion of heal wounds {unknown}
 r - a potion of haste {unknown}
Books
 b - a book of Changes

   Spells                             Type                      Level
   a - Beastly Appendage              Transmutation                1
   b - Sticks to Snakes               Transmutation                2
   c - Spider Form                    Transmutation/Poison         3
   d - Ice Form                       Ice/Transmutation            4
   e - Blade Hands                    Transmutation                5
Comestibles
 c - a bread ration
 n - a royal jelly
 p - 2 fruits
 q - 4 chunks of flesh


   Skills:
 - Level 1.1 Fighting
 - Level 1.7 Dodging
 + Level 3.5 Unarmed Combat
 - Level 2.0 Spellcasting
 * Level 3.9 Transmutations


You had 4 spell levels left.
You knew the following spells:

 Your Spells              Type           Power        Failure   Level  Hunger
a - Beastly Appendage     Tmut           ##....       4%          1    ##.....
b - Sticks to Snakes      Tmut           ##......     7%          2    ###....


Dungeon Overview and Level Annotations

Branches:
Dungeon (3/15)

Altars:


Innate Abilities, Weirdness & Mutations

Your plain brown scales are hard. (AC +5)
You cannot fit into any form of body armour.
You are cold-blooded and may be slowed by cold attacks.
You have a pair of horns on your head.


Message History

Casting: Sticks to Snakes
Confirm with . or Enter, or press ? or * to list all spells.
You create a snake!
You now have 5 arrows.
* * * LOW HITPOINT WARNING * * *
You feel sick. The worker ant bites you.
* * * LOW HITPOINT WARNING * * *
You are more poisoned.
The worker ant poisons you!
Your adder closely misses the worker ant.
Casting: Sticks to Snakes
Confirm with . or Enter, or press ? or * to list all spells.
You grow a pair of large bovine horns.
* * * LOW HITPOINT WARNING * * *
You feel sick.
Your adder closely misses the worker ant.
The worker ant bites you.
* * * LOW HITPOINT WARNING * * *
Your adder bites the worker ant but does no damage.
The worker ant bites you.
You die...

#### ######### ###..#
#.......# #######...##
#.......# .........##
#.......# ######.###
#######.......# #..#
#....##.......#
#####.######....#.>......#
.....<..........@aS......#
.......#####....S##.######
.......# #....###.###
>......# ##....#8...8#
###.#### ##.....###.###
..#.# #......#8...8# ....#
#.#...)###.### ....#
#.#....#8...8#
....######.#....###.#######


You could see a worker ant, a friendly adder and a friendly ball python.

Vanquished Creatures
  An ooze (D:2)
  A dart slug (D:1)
  2 leopard geckos (D:1)
  3 giant cockroaches (D:1)
  2 goblins (D:1)
  8 hobgoblins
  2 jackals (D:1)
  7 bats
  4 frilled lizards
  5 kobolds
  6 rats
41 creatures vanquished.

Vanquished Creatures (collateral kills)
  Terence (D:3)
  A giant cockroach (D:1)
2 creatures vanquished.

Grand Total: 43 creatures vanquished

Notes
Turn   | Place    | Note
-------+----------+-------------------------------------------
     0 | D:1      | HAL9000 the Draconian Transmuter began the quest for the Orb.
     0 | D:1      | Reached XP level 1. HP: 16/16 MP: 3/3
   274 | D:1      | Reached XP level 2. HP: 19/23 MP: 5/5
   283 | D:1      | Learned a level 2 spell: Sticks to Snakes
   841 | D:1      | Reached XP level 3. HP: 28/28 MP: 6/6
  1051 | D:1      | You fall through a shaft!
  1451 | D:3      | Noticed Terence
  1465 | D:3      | Killed Terence
  1465 | D:3      | Reached XP level 4. HP: 28/35 MP: 1/7
  1531 | D:2      | Slain by a worker ant

Vault maps used:
D:1:      mushboom_english_gardens, st_stairs_10, minmay_tiny_reverse_x
D:2:      hex_medium, minmay_misc_feat_hallway
D:3:      uniq_terence

Skill      XL: |  1  2 |
---------------+-------+-----
Transmutations | 3 |  3.9
Fighting       | |  1.1
Dodging        | |  1.7
Unarmed Combat | |  3.5
Spellcasting   | |  2.0

Action                   |  1- 3 |  4- 6 || total
-------------------------+-------+-------++-------
Melee: Unarmed           |   133 |     1 ||   134
       Tailslap          |     8 |       ||     8
       Headbutt          |     5 |       ||     5
       Kick              |     3 |       ||     3
 Cast: Beastly Appendage |    14 |     2 ||    16
       Sticks to Snakes  |     5 |     2 ||     7
  Use: Scroll            |       |     2 ||     2
 Stab: Sleeping          |     1 |       ||     1
  Eat: Chunk             |     2 |     1 ||     3
Armor: Skin              |    55 |    15 ||    70
Dodge: Dodged            |   104 |    35 ||   139
